3AAA
ALLOWAY HALBERDS @ AUGUSTA TIMBER HAWKS
07/09/2033
 
TOP OF THE 1ST
Alloway Halberds batting - Pitching for Augusta Timber Hawks : RHP Darweshi Hadiya
Pitching: RHP Darweshi Hadiya
Batting: RHB Jordan Hollins 0-0: Called Strike
0-1: Foul Ball, location: 2F
0-2: Ball
1-2: Strikes out swinging
Batting: LHB José Zarate 0-0: Ball
1-0: Foul Ball, location: 2F
1-1: Foul Ball, location: 2F
1-2: Reached on error, E4 (Groundball, 4)
Batting: LHB Salvador Ramírez 0-0: Ball
1-0: Swinging Strike
1-1: Ball
2-1: Called Strike
2-2: Strikes out swinging
Batting: RHB Manny Gonzáles 0-0: Ball
1-0: Ball
2-0: Swinging Strike
2-1: Called Strike
2-2: SINGLE (Groundball, 34D)
José Zarate to second
Runner from 2nd tries for 3rd, SAFE, no throw
Batting: LHB Mike Clifton 0-0: Ball
1-0: Called Strike
1-1: Ball
2-1: DOUBLE (Line Drive, 9LD)
José Zarate scores
Manny Gonzáles to third
Runner from 3rd tries for Home, SAFE, throw made at trailing runner, SAFE at third!
Batting: RHB Juan Salinas 0-0: Called Strike
0-1: Ball
1-1: Ball
2-1: Swinging Strike
2-2: Foul Ball, location: 2F
2-2: Strikes out swinging
Top of the 1st over - 2 runs, 2 hits, 1 error, 1 left on base; Alloway 2 - Augusta 0
BOTTOM OF THE 1ST
Augusta Timber Hawks batting - Pitching for Alloway Halberds : RHP Nicholas Beyer
Pitching: RHP Nicholas Beyer
Batting: RHB Armond Merlin 0-0: Ball
1-0: SOLO HOME RUN (Flyball, 9D), Distance : 381 ft
Batting: RHB Krystof Melichar 0-0: Fly out, F9 (Flyball, 89D)
Batting: RHB Xavier Pérez 0-0: Ball
1-0: Ball
2-0: Swinging Strike
2-1: Called Strike
2-2: Foul Ball, location: 2F
2-2: Strikes out swinging
Batting: LHB Mike Goff 0-0: Ball
1-0: Ball
2-0: Ball
3-0: Called Strike
3-1: Foul Ball, location: 2F
3-2: Foul Ball, location: 2F
3-2: DOUBLE (Groundball, 3L)
Batting: RHB Uchino Akahito 0-0: Called Strike
0-1: Called Strike
0-2: Foul Ball, location: 2F
0-2: Fly out, F9 (Flyball, 89M)
Bottom of the 1st over - 1 run, 2 hits, 0 errors, 1 left on base; Alloway 2 - Augusta 1
TOP OF THE 2ND
Alloway Halberds batting - Pitching for Augusta Timber Hawks : RHP Darweshi Hadiya
Batting: RHB Carlos Ramírez 0-0: Called Strike
0-1: Foul Ball, location: 2F
0-2: Strikes out swinging
Batting: RHB Kelly Harris 0-0: Ground out 6-3 (Groundball, 6)
Batting: RHB Bryan Clifton 0-0: Foul Ball, location: 2F
0-1: Ball
1-1: Ball
2-1: Foul Ball, location: 2F
2-2: SINGLE (Flyball, 7S)
Batting: RHB Jordan Hollins 0-0: Called Strike
Bryan Clifton steals 2nd base
0-1: Foul Ball, location: 2F
0-2: Foul Ball, location: 2F
0-2: Foul Ball, location: 2F
0-2: Ball
1-2: Ball
2-2: Ground out U3 (Groundball, 3)
Top of the 2nd over - 0 runs, 1 hit, 0 errors, 1 left on base; Alloway 2 - Augusta 1
BOTTOM OF THE 2ND
Augusta Timber Hawks batting - Pitching for Alloway Halberds : RHP Nicholas Beyer
Batting: LHB Seung-soo Ch'ae 0-0: Ball
1-0: Ball
2-0: Swinging Strike
2-1: Ball
3-1: Base on Balls
Batting: LHB Ken Gill 0-0: Called Strike
0-1: Ball
1-1: Ball
2-1: SINGLE (Groundball, 3D)
Seung-soo Ch'ae to second
Runner from 2nd tries for 3rd, SAFE, no throw
Batting: LHB Randy Sallah 0-0: Ball
1-0: Called Strike
1-1: Grounds into double play, 6-4-3 (Groundball, 6)
Seung-soo Ch'ae scores
Batting: RHB Jaime Cruz 0-0: Foul Ball, location: 2F
0-1: Fly out, F7 (Flyball, 78S)
Bottom of the 2nd over - 1 run, 1 hit, 0 errors, 0 left on base; Alloway 2 - Augusta 2
TOP OF THE 3RD
Alloway Halberds batting - Pitching for Augusta Timber Hawks : RHP Darweshi Hadiya
Batting: LHB José Zarate 0-0: Ball
1-0: Ball
2-0: Ball
3-0: Called Strike
3-1: Foul Ball, location: 2F
3-2: Foul Ball, location: 2F
3-2: Base on Balls
Batting: LHB Salvador Ramírez 0-0: Called Strike
0-1: Ball
1-1: Ball
2-1: Foul Ball, location: 2F
2-2: Foul Ball, location: 2F
2-2: Foul Ball, location: 2F
2-2: Ball
3-2: Single, Error in OF, E9, batter to second base
José Zarate to third
Batting: RHB Manny Gonzáles 0-0: Called Strike
0-1: Swinging Strike
0-2: Ball
1-2: Strikes out swinging
Batting: LHB Mike Clifton 0-0: SINGLE (Groundball, 2L) (infield hit)
Batting: RHB Juan Salinas 0-0: Called Strike
0-1: Swinging Strike
0-2: Strikes out swinging
Batting: RHB Carlos Ramírez 0-0: Swinging Strike
0-1: Foul Ball, location: 2F
0-2: Ball
1-2: Strikes out swinging
Top of the 3rd over - 0 runs, 2 hits, 1 error, 3 left on base; Alloway 2 - Augusta 2
BOTTOM OF THE 3RD
Augusta Timber Hawks batting - Pitching for Alloway Halberds : RHP Nicholas Beyer
Batting: RHB Armond Merlin 0-0: Ball
1-0: Called Strike
1-1: Ball
2-1: Called Strike
2-2: Fly out, F7 (Line Drive, 78M)
Batting: RHB Krystof Melichar 0-0: Called Strike
0-1: Fly out, F7 (Flyball, 7D)
Batting: RHB Xavier Pérez 0-0: Ball
1-0: Ball
2-0: Called Strike
2-1: SINGLE (Groundball, 15S) (infield hit)
Batting: LHB Mike Goff 0-0: Foul Ball, location: 2F
0-1: Ball
1-1: Ball
2-1: Ball
3-1: Base on Balls
Xavier Pérez to second
Batting: RHB Uchino Akahito 0-0: Foul Ball, location: 2F
0-1: Ball
1-1: Ball
2-1: Ground out 5-3 (Groundball, 56S)
Bottom of the 3rd over - 0 runs, 1 hit, 0 errors, 2 left on base; Alloway 2 - Augusta 2
TOP OF THE 4TH
Alloway Halberds batting - Pitching for Augusta Timber Hawks : RHP Darweshi Hadiya
Batting: RHB Kelly Harris 0-0: Called Strike
0-1: Swinging Strike
0-2: Foul Ball, location: 2F
0-2: Ball
1-2: Fly out, F2 (Popup, 2RF)
Batting: RHB Bryan Clifton 0-0: Fly out, F7 (Flyball, 7S)
Batting: RHB Jordan Hollins 0-0: Foul Ball, location: 2F
0-1: Called Strike
0-2: Ground out 5-3 (Groundball, 5)
Top of the 4th over - 0 runs, 0 hits, 0 errors, 0 left on base; Alloway 2 - Augusta 2
BOTTOM OF THE 4TH
Augusta Timber Hawks batting - Pitching for Alloway Halberds : RHP Nicholas Beyer
Batting: LHB Seung-soo Ch'ae 0-0: Called Strike
0-1: Foul Ball, location: 2F
0-2: Ball
1-2: Strikes out looking
Batting: LHB Ken Gill 0-0: Ball
1-0: Ball
2-0: Called Strike
2-1: Ground out 6-3 (Groundball, 6)
Batting: LHB Randy Sallah 0-0: Ball
1-0: Ball
2-0: Ball
3-0: Base on Balls
Batting: RHB Jaime Cruz 0-0: Swinging Strike
0-1: Ball
1-1: Ball
2-1: Fielders Choice at 2nd, 6-4 (Groundball, 6)
Bottom of the 4th over - 0 runs, 0 hits, 0 errors, 1 left on base; Alloway 2 - Augusta 2
TOP OF THE 5TH
Alloway Halberds batting - Pitching for Augusta Timber Hawks : RHP Darweshi Hadiya
Batting: LHB José Zarate 0-0: Foul Ball, location: 2F
0-1: Foul Ball, location: 2F
0-2: Ball
1-2: Ball
2-2: Ground out U3 (Groundball, 34)
Batting: LHB Salvador Ramírez 0-0: Ball
1-0: Ball
2-0: Swinging Strike
2-1: Called Strike
2-2: Ball
3-2: Ground out U3 (Groundball, 3)
Pitching: LHP Roy Alsobrook
Batting: RHB Manny Gonzáles 0-0: Ball
1-0: Ball
2-0: SOLO HOME RUN (Flyball, 9D), Distance : 368 ft
Pitching: RHP Gus Osborne
Batting: LHB Mike Clifton 0-0: Swinging Strike
0-1: Fly out, F7 (Flyball, 7S)
Top of the 5th over - 1 run, 1 hit, 0 errors, 0 left on base; Alloway 3 - Augusta 2
BOTTOM OF THE 5TH
Augusta Timber Hawks batting - Pitching for Alloway Halberds : RHP Nicholas Beyer
Batting: RHB Armond Merlin 0-0: Foul Ball, location: 2F
0-1: Swinging Strike
0-2: Ball
1-2: Foul Ball, location: 2F
1-2: Foul Ball, location: 2F
1-2: Ground out 6-3 (Groundball, 6)
Batting: RHB Krystof Melichar 0-0: Ball
1-0: Ball
2-0: DOUBLE (Line Drive, 78D)
Batting: RHB Xavier Pérez 0-0: Called Strike
0-1: Foul Ball, location: 2F
0-2: Ball
1-2: Ball
2-2: Strikes out swinging
Batting: LHB Mike Goff 0-0: Called Strike
0-1: Fly out, F9 (Flyball, 9LSF)
Bottom of the 5th over - 0 runs, 1 hit, 0 errors, 1 left on base; Alloway 3 - Augusta 2
TOP OF THE 6TH
Alloway Halberds batting - Pitching for Augusta Timber Hawks : RHP Gus Osborne
Batting: RHB Juan Salinas 0-0: DOUBLE (Line Drive, 78D)
Batting: RHB Carlos Ramírez 0-0: Foul Ball, location: 2F
0-1: Ball
1-1: Fly out, F4 (Line Drive, 4)
Batting: RHB Kelly Harris 0-0: Ball
1-0: Ball
2-0: Fly out, F8 (Flyball, 8RM)
Batting: RHB Bryan Clifton 0-0: Foul Ball, location: 2F
0-1: Ball
1-1: Foul Ball, location: 2F
1-2: Ball
2-2: Ball
3-2: Foul Ball, location: 2F
3-2: Foul Ball, location: 2F
3-2: Base on Balls
Batting: RHB Jordan Hollins 0-0: Ball
1-0: Hit by Pitch
Juan Salinas to third
Bryan Clifton to second
Batting: LHB José Zarate 0-0: Called Strike
0-1: Swinging Strike
0-2: Strikes out swinging
Top of the 6th over - 0 runs, 1 hit, 0 errors, 3 left on base; Alloway 3 - Augusta 2
BOTTOM OF THE 6TH
Augusta Timber Hawks batting - Pitching for Alloway Halberds : RHP Nicholas Beyer
Batting: RHB Uchino Akahito 0-0: Ball
1-0: Ground out 4-3 (Groundball, 4)
Batting: LHB Seung-soo Ch'ae 0-0: Foul Ball, location: 2F
0-1: Ball
1-1: Ball
2-1: Ball
3-1: Swinging Strike
3-2: Foul Ball, location: 2F
3-2: Ground out 5-3 (Groundball, 56S)
Batting: LHB Ken Gill 0-0: Ball
1-0: Ball
2-0: Ball
3-0: Called Strike
3-1: Base on Balls
Pitching: RHP Martin Besnier
Batting: LHB Randy Sallah 0-0: Ball
1-0: Called Strike
1-1: Swinging Strike
1-2: SINGLE (Groundball, 34D)
Ken Gill to second
Runner from 2nd tries for 3rd, SAFE, no throw
Batting: RHB Jaime Cruz 0-0: Ground out 1-3 (Groundball, P)
Bottom of the 6th over - 0 runs, 1 hit, 0 errors, 2 left on base; Alloway 3 - Augusta 2
TOP OF THE 7TH
Alloway Halberds batting - Pitching for Augusta Timber Hawks : RHP Gus Osborne
Batting: LHB Salvador Ramírez 0-0: Ball
1-0: Called Strike
1-1: Ball
2-1: Fly out, F9 (Flyball, 89S)
Batting: RHB Manny Gonzáles 0-0: Ball
1-0: Foul Ball, location: 2F
1-1: Ball
2-1: Ball
3-1: Base on Balls
Pitching: LHP Zalontae Hillary
Batting: LHB Mike Clifton 0-0: Called Strike
0-1: Ball
1-1: TRIPLE (Flyball, 78XD)
Manny Gonzáles scores
Batting: RHB Juan Salinas 0-0: Intentional Walk
Pinch Hitting: RHB Carlos Ávila 0-0: Called Strike
0-1: Swinging Strike
0-2: Ball
1-2: Ball
2-2: Strikes out swinging
Batting: RHB Kelly Harris 0-0: Ball
1-0: Called Strike
1-1: Ball
2-1: Ball
3-1: Foul Ball, location: 2F
3-2: Foul Ball, location: 2F
3-2: Fly out, F8 (Flyball, 8LM)
Top of the 7th over - 1 run, 1 hit, 0 errors, 2 left on base; Alloway 4 - Augusta 2
BOTTOM OF THE 7TH
Augusta Timber Hawks batting - Pitching for Alloway Halberds : RHP Martin Besnier
Now at 2B: Bass Reeves
Batting: RHB Armond Merlin 0-0: Ball
1-0: Called Strike
1-1: Swinging Strike
1-2: Ball
2-2: Foul Ball, location: 2F
2-2: Ground out 4-3 (Groundball, 4)
Batting: RHB Krystof Melichar 0-0: SINGLE (Flyball, 9LS)
Batting: RHB Xavier Pérez 0-0: Called Strike
0-1: Ball
1-1: Ball
2-1: Ball
3-1: Base on Balls
Krystof Melichar to second
Batting: LHB Mike Goff 0-0: Ball
Krystof Melichar steals 3rd base
Xavier Pérez to second
1-0: Ball
2-0: Ball
3-0: Base on Balls
Batting: RHB Uchino Akahito 0-0: Grounds into double play, 5-2-3 (Groundball, 56S)
Bottom of the 7th over - 0 runs, 1 hit, 0 errors, 2 left on base; Alloway 4 - Augusta 2
TOP OF THE 8TH
Alloway Halberds batting - Pitching for Augusta Timber Hawks : LHP Zalontae Hillary
Batting: RHB Bryan Clifton 0-0: Ground out 4-3 (Groundball, 4M)
Batting: RHB Jordan Hollins 0-0: Ball
1-0: Called Strike
1-1: Hit by Pitch
Batting: LHB José Zarate 0-0: Called Strike
0-1: Foul Ball, location: 2F
0-2: Strikes out looking
Batting: LHB Salvador Ramírez 0-0: Fielders Choice at 2nd, U6 (Groundball, 6M)
Top of the 8th over - 0 runs, 0 hits, 0 errors, 1 left on base; Alloway 4 - Augusta 2
BOTTOM OF THE 8TH
Augusta Timber Hawks batting - Pitching for Alloway Halberds : RHP Martin Besnier
Now at 1B: Jorge López
Batting: LHB Seung-soo Ch'ae 0-0: Called Strike
0-1: Called Strike
0-2: Ball
1-2: Foul Ball, location: 2F
1-2: Fly out, F1 (Line Drive, 15)
Batting: LHB Ken Gill 0-0: Fly out, F9 (Line Drive, 89M)
Batting: LHB Randy Sallah 0-0: Called Strike
0-1: Hit by Pitch
Batting: RHB Jaime Cruz 0-0: Ball
1-0: Fly out, F6 (Popup, 4M)
Bottom of the 8th over - 0 runs, 0 hits, 0 errors, 1 left on base; Alloway 4 - Augusta 2
TOP OF THE 9TH
Alloway Halberds batting - Pitching for Augusta Timber Hawks : LHP Zalontae Hillary
Pitching: RHP Jong-yun Chong
Batting: RHB Manny Gonzáles 0-0: Ball
1-0: Ground out 6-3 (Groundball, 56)
Batting: LHB Mike Clifton 0-0: Called Strike
0-1: SOLO HOME RUN (Line Drive, 8LXD), Distance : 456 ft
Batting: RHB Juan Salinas 0-0: Fly out, F9 (Flyball, 89M)
Batting: RHB Bass Reeves 0-0: Called Strike
0-1: Swinging Strike
0-2: Strikes out swinging
Top of the 9th over - 1 run, 1 hit, 0 errors, 0 left on base; Alloway 5 - Augusta 2
BOTTOM OF THE 9TH
Augusta Timber Hawks batting - Pitching for Alloway Halberds : RHP Martin Besnier
Pitching: RHP Joe Martarano
Batting: RHB Armond Merlin 0-0: Foul Ball, location: 2F
0-1: Ball
1-1: Ball
2-1: Called Strike
2-2: Ball
3-2: Ground out 4-3 (Groundball, 4)
Batting: RHB Krystof Melichar 0-0: DOUBLE (Line Drive, 7LM)
Batting: RHB Xavier Pérez 0-0: Ball
1-0: Swinging Strike
1-1: Fly out, F8 (Flyball, 8RS)
Batting: LHB Mike Goff 0-0: Ball
1-0: Called Strike
1-1: Ball
2-1: Ball
3-1: Called Strike
3-2: Base on Balls
Batting: RHB Uchino Akahito 0-0: Ball
1-0: Ball
2-0: Called Strike
2-1: Ball
3-1: Foul Ball, location: 2F
3-2: Foul Ball, location: 2F
3-2: Fly out, F7 (Flyball, 7)
Bottom of the 9th over - 0 runs, 1 hit, 0 errors, 2 left on base; Alloway 5 - Augusta 2
Saturday, December 22nd, 2018 - OOTP Baseball 18.8 Build 76